 Dungeon Crawl Stone Soup version 0.27.0-1-g7a08968 (webtiles) character file.

Game seed: 5617091065649847114

221 GeorgeSoros the Ruffian (level 5, -7/47 HPs)
             Began as a Ghoul Chaos Knight on Aug 13, 2021.
             Was a Plaything of Xom.
             Mangled by an ogre (11 damage)
             ... on level 4 of the Dungeon on Aug 14, 2021.
             The game lasted 00:05:39 (1834 turns).

GeorgeSoros the Ruffian (Ghoul Chaos Knight)        Turns: 1834, Time: 00:05:40

Health: -7/47      AC:  9    Str: 17    XL:     5   Next: 98%
Magic:  4/4        EV: 11    Int:  7    God:    Xom [..*...]
Gold:   99         SH:  0    Dex:  8    Spells: 4/4 levels left

rFire    . . .     SeeInvis .     - Unarmed
rCold    + . .     Faith    .   (no shield)
rNeg     + + +     Spirit   .   a - +2 leather armour
rPois    ∞         Reflect  .   e - +1 hat
rElec    .         Harm     .   (no cloak)
rCorr    .         Rampage  .   f - +2 pair of gloves {archery}
Will     .....                  (no boots)
Stlth    +.........             (no amulet)
HPRegen  0.00/turn              (no ring)
MPRegen  0.09/turn              (no ring)

@: inhibited regen
A: claws 1, cold resistance 1, negative energy resistance 3, inhibited
regeneration, torment resistance 2
a: Renounce Religion


You were on level 4 of the Dungeon.
You worshipped Xom.
You were a toy of Xom.
You visited 1 branch of the dungeon, and saw 4 of its levels.

You collected 99 gold pieces.

Inventory:

Armour
 a - a +2 leather armour (worn)
 e - a +1 hat (worn)
 f - a +2 pair of gloves of archery (worn)
 g - a +0 chain mail
Scrolls
 b - a scroll of teleportation
Potions
 c - a potion of curing


   Skills:
 + Level 4.4 Fighting
 + Level 3.1 Armour
 + Level 2.6 Dodging
 + Level 4.5 Unarmed Combat


You had 4 spell levels left.
You didn't know any spells.
Your spell library contained the following spells:

 Spells                   Type           Power      Damage    Failure   Level
 Ozocubu's Armour         Ice            0%         N/A       86%         3
 Ozocubu's Refrigeration  Ice            0%         4d5       100%        7


Dungeon Overview and Level Annotations

Branches:
Dungeon (4/15)
 Temple: D:4-7

Altars:


Innate Abilities, Weirdness & Mutations

You thrive by killing the living.
You are immune to poison.
You have sharp fingernails.
Your flesh is cold resistant. (rC+)
You are immune to negative energy. (rN+++)
You do not regenerate when monsters are visible.
You are immune to unholy pain and torment.


Message History

Orders for allies: a - Attack new target. r - Retreat! s - Stop attacking. g - Guard the area. f - Follow me.
Anything else - Cancel.
Retreat in which direction?
Press: ? - help, Dir - move target, f - you
Okay, then.
As you read the scroll labelled ODUYVO TUVONGE, it crumbles to dust.
It is a scroll of amnesia.
You feel forgetful for a moment. What are your orders? t - Shout!
Orders for allies: a - Attack new target. r - Retreat! s - Stop attacking. g - Guard the area. f - Follow me.
Anything else - Cancel.
Okay, then.
As you read the scroll labelled TOATEL ETOBBAM, it crumbles to dust.
It is a scroll of enchant armour.
Your +0 hat glows green for a moment.
There is a stone staircase leading down here.
An ogre comes into view. It is wielding a +0 giant spiked club.
The ogre shouts!
You barely miss the ogre.
The ogre hits you with a +0 giant spiked club!
You hit the ogre but do no damage. The ogre closely misses you.
You punch the ogre!
The ogre is moderately wounded.
The ogre hits you with a +0 giant spiked club!
You barely miss the ogre.
The ogre is moderately wounded.
You hit the ogre but do no damage.
The ogre is moderately wounded.
The ogre hits you with a +0 giant spiked club!
* * * LOW HITPOINT WARNING * * *
You punch the ogre!
The ogre is severely wounded.
The ogre hits you with a +0 giant spiked club!
You die...
Xom is highly amused!

,,,,,,,,,.......>.....#
,,**,****#..#.##.####.#
,,**+*****,,*,,#.####.#
,,,,,,,,,,,,*,*#....#.#
,,,,,,,,,,,,#,*####.#.#
,*,,,,,,,,,,#.* #.#.#
,*,,,,,,.,,,#.#####.#.#
,*,,,,,,....#.......#.#
'*,,,,,,.......O@...#.#
,,,,,,,,.......####.#.#
,,,,,***##.....* #.#.#
,,,,,* #.####* #.#.#
,,,,,* #,* #.#.#
,,,,,*****+** ****#.#.#
,,,,,*,,,,,,***,,,..#.#
****,*,,,,,,,,*,****#.#
,,,,,,,,,,,,,,*,* #.#


You could see an ogre.

Vanquished Creatures
  A phantom (D:4)
  2 orc priests (D:4)
  An orc wizard (D:3)
  Robin (D:4)
  2 dart slugs (D:1)
  10 orcs
  A ball python (D:1)
  5 endoplasms
  2 giant cockroaches
  11 goblins
  7 hobgoblins
  3 quokkas (D:1)
  3 bats
  3 frilled lizards (D:1)
  3 kobolds
  6 rats
61 creatures vanquished.

Vanquished Creatures (collateral kills)
  An orc (D:4)
1 creature vanquished.

Grand Total: 62 creatures vanquished

Notes
Turn   | Place    | Note
-------+----------+-------------------------------------------
     0 | D:1      | GeorgeSoros the Ghoul Chaos Knight began the quest for the
                  | Orb.
     0 | D:1      | Reached XP level 1. HP: 19/19 MP: 0/0
    36 | D:1      | XOM: divination: detect items
    96 | D:1      | Reached skill level 1 in Dodging
   158 | D:1      | Reached XP level 2. HP: 24/26 MP: 1/1
   302 | D:1      | XOM: silly message
   411 | D:1      | XOM: potion effect (curing)
   420 | D:1      | Reached XP level 3. HP: 31/31 MP: 2/2
   785 | D:3      | Reached XP level 4. HP: 40/40 MP: 3/3
   806 | D:3      | XOM: silly message
   868 | D:3      | Found a faded altar of an unknown god.
   887 | D:4      | Noticed Robin
  1002 | D:3      | XOM: silly message
  1036 | D:3      | XOM: god gift: robe {god gift}
  1120 | D:4      | Killed Robin
  1285 | D:4      | Reached XP level 5. HP: 45/46 MP: 4/4
  1293 | D:4      | XOM: destruction
  1391 | D:4      | XOM: 1-stop teleportation journey
  1398 | D:4      | Noticed a phantom
  1399 | D:4      | XOM: summons friendly quasit
  1413 | D:4      | Killed a phantom
  1691 | D:4      | XOM: cloud trail
  1795 | D:4      | XOM is BORED!
  1824 | D:4      | Noticed an ogre
  1834 | D:4      | Mangled by an ogre

Illustrated notes

Levels and vault maps discovered:
D:1:      dpeg_arrival_arbitrary_b, layout_loops_ring
D:2:      kennysheep_six_static_rooms, layout_rooms
D:3:      layout_loops_cross, basic_ecumenical_altar
D:4:      layout_basic, uniq_robin

Skill      XL: |  1  2  3  4  5 |
---------------+----------------+-----
Dodging        | 1 2 |  2.6
Armour         | 2 3 |  3.1
Unarmed Combat | 4 |  4.5
Fighting       | 4 |  4.4

Action                   |  1- 3 |  4- 6 || total
-------------------------+-------+-------++-------
Melee: Unarmed           |    74 |   115 ||   189
       Punch             |       |     1 ||     1
  Use: Scroll            |       |     6 ||     6
Armor: Leather armour    |    15 |    25 ||    40
Dodge: Dodged            |    41 |    47 ||    88
